[Event "84th ESP-ch 2019"]
[Site "Marbella"]
[Date "2019.11.22"]
[Round "7.40"]
[White "Perea Fruet, Lorenzo"]
[Black "Vega Gutierrez, Belinda"]
[Result "1/2-1/2"]
[ECO "C47"]
[WhiteElo "1582"]
[BlackElo "2161"]
[Annotator "ChessBase"]
[PlyCount "143"]
[EventDate "2019.11.16"]
[EventType "swiss"]
[EventCountry "ESP"]
[SourceTitle "playchess.com"]
[Source "ChessBase"]
[SourceQuality "1"]
[TimeControl "5400+30"]

1. e4 e5 2. Nf3 Nc6 3. Nc3 Nf6 4. d4 exd4 5. Nxd4 Bb4 6. Nxc6 bxc6 7. Bd3 d5 8. exd5 cxd5 9. O-O O-O 10. Bg5 c6 11. Qf3 Bd6 12. Ne2 Be5 13. Rab1 Qd6 14. h3 Nd7 15. c3 Nc5 16. Bc2 Ba6 17. Rfd1 Ne6 18. Bh4 Rfe8 19. Ng3 g6 20. Qg4 Bg7 21. Ne4 Qf4 22. Qxf4 Nxf4 23. Nc5 Bc4 24. Bb3 Bxb3 25. Nxb3 a5 26. Nd4 Ne2+ 27. Nxe2 Rxe2 28. Kf1 Re4 29. Bg5 a4 30. Rd3 f5 31. f3 Re6 32. Re1 Rxe1+ 33. Kxe1 Rb8 34. Bc1 Kf7 35. Kd1 Ke6 36. Kc2 Be5 37. Be3 f4 38. Bd4 Bd6 39. Bg1 c5 40. Bh2 g5 41. Rd1 c4 42. Bg1 h5 43. Bd4 Rg8 44. Rh1 Kf5 45. Bf2 g4 46. hxg4+ hxg4 47. Rh5+ Ke6 48. Rh2 Kd7 49. Bd4 Kc6 50. a3 gxf3 51. gxf3 Rg3 52. Rf2 Bc5 53. Kd2 Kb5 54. Kc2 Rh3 55. Kd2 Rg3 56. Kc2 Rh3 57. Kd2 Rh1 58. Kc2 Bxd4 59. cxd4 Re1 60. Rh2 c3 61. b3 axb3+ 62. Kxb3 Re3 63. a4+ Ka5 64. Rh5 c2+ 65. Kxc2 Kxa4 66. Rxd5 Kb4 67. Rf5 Rxf3 68. Kd2 Kc4 69. Ke2 Re3+ 70. Kf2 Re4 71. Kf3 Kxd4 72. Rxf4 1/2-1/2

[Event "84th ESP-ch 2019"]
[Site "Marbella"]
[Date "2019.11.22"]
[Round "7.41"]
[White "Collado Barbas, Laura"]
[Black "Sanjuan Garcia, Miguel"]
[Result "0-1"]
[ECO "A58"]
[WhiteElo "2142"]
[BlackElo "2021"]
[Annotator "ChessBase"]
[PlyCount "124"]
[EventDate "2019.11.16"]
[EventType "swiss"]
[EventCountry "ESP"]
[SourceTitle "playchess.com"]
[Source "ChessBase"]
[SourceQuality "1"]
[TimeControl "5400+30"]

1. d4 Nf6 2. c4 c5 3. d5 b5 4. cxb5 a6 5. bxa6 e6 6. Nc3 exd5 7. Nxd5 Be7 8. Nf3 O-O 9. Nxe7+ Qxe7 10. Bf4 d5 11. g3 Re8 12. Rc1 Bxa6 13. a3 d4 14. e3 dxe3 15. Bxe3 Ne4 16. Qb3 Bb7 17. Bc4 Nc6 18. O-O Na5 19. Qa2 Nxc4 20. Rxc4 Qe6 21. b3 Bd5 22. Rcc1 Bxb3 23. Qb2 Rab8 24. Qe2 Bd5 25. Rfe1 h6 26. Qd1 Qc6 27. Nd4 Qa8 28. Nf5 Be6 29. Qg4 Bxf5 30. Qxf5 Qxa3 31. Bf4 Qf3 32. Rxe4 Rxe4 33. Qxc5 Rxf4 34. gxf4 Qg4+ 35. Kf1 Qh3+ 36. Kg1 Qg4+ 37. Kf1 Qxf4 38. Qc7 Qb4 39. Rd1 Qb5+ 40. Kg1 Qg5+ 41. Kf1 Qb5+ 42. Kg1 Qe8 43. Kf1 Kh7 44. Qc2+ g6 45. Qc7 Rb2 46. Qc4 Kg8 47. Re1 Qd7 48. Qc3 Qb5+ 49. Kg1 Qg5+ 50. Kf1 Rb8 51. Qc6 Kh7 52. Qc7 Qb5+ 53. Kg1 Rb7 54. Qd8 Rd7 55. Qf6 Qb7 56. Qc3 Qd5 57. Qe5 Qf3 58. Qe3 Qb7 59. Qe4 Rd5 60. h4 Qd7 61. Qf3 Rf5 62. Qg4 Rg5 0-1

[Event "84th ESP-ch 2019"]
[Site "Marbella"]
[Date "2019.11.22"]
[Round "7.42"]
[White "Sanchez Elena, Lucia"]
[Black "Luque Saiz, Andres"]
[Result "0-1"]
[ECO "B19"]
[WhiteElo "1662"]
[BlackElo "2140"]
[Annotator "ChessBase"]
[PlyCount "94"]
[EventDate "2019.11.16"]
[EventType "swiss"]
[EventCountry "ESP"]
[SourceTitle "playchess.com"]
[Source "ChessBase"]
[SourceQuality "1"]
[TimeControl "5400+30"]

1. e4 c6 2. d4 d5 3. Nc3 dxe4 4. Nxe4 Bf5 5. Ng3 Bg6 6. Nf3 Nd7 7. h4 h6 8. h5 Bh7 9. Bd3 Bxd3 10. Qxd3 e6 11. Bf4 Qa5+ 12. Bd2 Qc7 13. Qe2 Ngf6 14. O-O-O Be7 15. Rde1 O-O-O 16. Nf5 Bf8 17. Ne3 Ne4 18. Nc4 Nxd2 19. Qxd2 Nf6 20. Qe3 Rd5 21. Nfe5 c5 22. dxc5 Bxc5 23. Qg3 Rg8 24. Rh4 b5 25. Nd2 Bxf2 26. Qxf2 Rxe5 27. Rxe5 Qxe5 28. Nf3 Qc7 29. Nd4 Qe5 30. Rh3 Qg5+ 31. Kb1 Rd8 32. a3 Ne4 33. Qg1 Qc5 34. Rd3 e5 35. Nf3 Qxg1+ 36. Nxg1 Rxd3 37. cxd3 Ng3 38. Nf3 f6 39. Nh4 Kd7 40. Kc2 Nxh5 41. Nf5 Ke6 42. g4 g6 43. Nxh6 Nf4 44. Kd2 f5 45. gxf5+ gxf5 46. Ke3 Nd5+ 47. Kf3 Kf6 0-1

[Event "84th ESP-ch 2019"]
[Site "Marbella"]
[Date "2019.11.23"]
[Round "8.2"]
[White "Salgado Lopez, Ivan"]
[Black "Shirov, Alexei"]
[Result "1-0"]
[ECO "D44"]
[WhiteElo "2594"]
[BlackElo "2666"]
[Annotator "ChessBase"]
[PlyCount "77"]
[EventDate "2019.11.16"]
[EventType "swiss"]
[EventCountry "ESP"]
[SourceTitle "playchess.com"]
[Source "ChessBase"]
[SourceQuality "1"]
[TimeControl "5400+30"]

1. d4 d5 2. c4 c6 3. Nf3 Nf6 4. Nc3 e6 5. Bg5 h6 6. Bh4 dxc4 7. e4 b5 8. e5 g5 9. Nxg5 hxg5 10. Bxg5 Nbd7 11. g3 Bb7 12. Bg2 Qb6 13. exf6 O-O-O 14. O-O c5 15. d5 b4 16. Na4 Qb5 17. a3 Nb8 18. axb4 cxb4 19. Qg4 Bxd5 20. Rfc1 Nc6 21. Bxd5 Rxd5 22. Rxc4 Rxg5 23. Qd4 Kb8 24. Rxc6 Rxg3+ 25. fxg3 Qxc6 26. Rd1 Qc7 27. b3 Kc8 28. Qe3 Kb8 29. Qd2 Bc5+ 30. Nxc5 Qxc5+ 31. Qd4 Qc3 32. g4 Rg8 33. Kf2 Qxb3 34. Qe5+ Ka8 35. Qe4+ Kb8 36. Rb1 Qa2+ 37. Ke1 a5 38. Qe5+ Kb7 39. Qb5+ 1-0

[Event "84th ESP-ch 2019"]
[Site "Marbella"]
[Date "2019.11.23"]
[Round "8.3"]
[White "Asis Gargatagli, Hipolito"]
[Black "Santos Latasa, Jaime"]
[Result "1/2-1/2"]
[ECO "C44"]
[WhiteElo "2497"]
[BlackElo "2581"]
[Annotator "ChessBase"]
[PlyCount "109"]
[EventDate "2019.11.16"]
[EventType "swiss"]
[EventCountry "ESP"]
[SourceTitle "playchess.com"]
[Source "ChessBase"]
[SourceQuality "1"]
[TimeControl "5400+30"]

1. e4 e5 2. Nf3 Nc6 3. d4 exd4 4. Nxd4 Nf6 5. Nxc6 bxc6 6. Bd3 d5 7. exd5 cxd5 8. O-O Be7 9. c4 O-O 10. cxd5 Bb7 11. Nc3 Nxd5 12. Bd2 Re8 13. Re1 Rb8 14. Nxd5 Qxd5 15. Be4 Qb5 16. Bxb7 Qxb7 17. Bc3 c5 18. Qa4 Red8 19. Rad1 Bf8 20. h3 h6 21. Rxd8 Rxd8 22. Re8 Qd7 23. Qxd7 Rxd7 24. Kf1 f6 25. g4 Kf7 26. Re4 Be7 27. Ke2 g6 28. Bd2 h5 29. gxh5 gxh5 30. Be3 Bd6 31. b3 f5 32. Rh4 Kg6 33. Rc4 Rc7 34. Ra4 Kf7 35. Ra6 f4 36. Rxd6 fxe3 37. fxe3 c4 38. bxc4 Rxc4 39. Rd7+ Ke6 40. Rxa7 Rh4 41. a4 Rxh3 42. a5 Rh2+ 43. Kf3 Ra2 44. a6 h4 45. Kg4 Ra4+ 46. Kh3 Kd5 47. Ra8 Kc6 48. Rh8 Kb5 49. Rh5+ Kxa6 50. Rxh4 Ra3 51. Re4 Kb6 52. Kg3 Kc6 53. Kf4 Kd7 54. Re5 Kd6 55. Rb5 1/2-1/2

[Event "84th ESP-ch 2019"]
[Site "Marbella"]
[Date "2019.11.23"]
[Round "8.4"]
[White "Arizmendi Martinez, Julen Luis"]
[Black "Ibarra Jerez, Jose Carlos"]
[Result "0-1"]
[ECO "B40"]
[WhiteElo "2517"]
[BlackElo "2540"]
[Annotator "RC"]
[PlyCount "58"]
[EventDate "2019.11.16"]
[EventType "swiss"]
[EventCountry "ESP"]
[SourceTitle "playchess.com"]
[Source "ChessBase"]
[SourceQuality "1"]
[TimeControl "5400+30"]

1. e4 c5 2. Nf3 e6 3. d4 cxd4 4. Nxd4 Nf6 5. Nc3 Nc6 6. Nxc6 bxc6 7. e5 Nd5 8. Ne4 Qc7 9. f4 Qb6 10. c4 Bb4+ 11. Ke2 f5 12. exf6 Nxf6 13. Be3 Qd8 14. Nd6+ Bxd6 15. Qxd6 Bb7 16. Rd1 Rc8 17. Rg1 c5 18. g4 Rc6 19. Qe5 O-O 20. g5 Nh5 21. Bh3 d6 22. Qxe6+ Kh8 23. Qd7 Qb8 24. Qg4 g6 25. Bd2 d5 26. cxd5 Nxf4+ 27. Bxf4 Rxf4 28. Qxf4 Qxf4 29. dxc6 Ba6+ 0-1

[Event "84th ESP-ch 2019"]
[Site "Marbella"]
[Date "2019.11.23"]
[Round "8.5"]
[White "Narciso Dublan, Marc"]
[Black "Del Rio De Angelis, Salvador G."]
[Result "1/2-1/2"]
[ECO "C02"]
[WhiteElo "2517"]
[BlackElo "2502"]
[Annotator "ChessBase"]
[PlyCount "65"]
[EventDate "2019.11.16"]
[EventType "swiss"]
[EventCountry "ESP"]
[SourceTitle "playchess.com"]
[Source "ChessBase"]
[SourceQuality "1"]
[TimeControl "5400+30"]

1. d4 e6 2. e4 d5 3. e5 c5 4. c3 Nc6 5. Nf3 Bd7 6. Be2 Nge7 7. O-O Ng6 8. Be3 Be7 9. Nbd2 O-O 10. Re1 Rc8 11. a3 Qb6 12. b4 cxd4 13. cxd4 Nb8 14. Bd3 Rc3 15. Nb1 Rc7 16. h4 Rfc8 17. h5 Nf8 18. Nbd2 Rc3 19. Nf1 Bb5 20. Bxb5 Qxb5 21. h6 g6 22. N1h2 Qd3 23. Qxd3 Rxd3 24. Ng4 Nfd7 25. Kf1 Rdc3 26. Bd2 Rc2 27. b5 Nb6 28. Bb4 Bd8 29. Ne3 R2c7 30. Bd6 Rc3 31. Bb4 R3c7 32. Bd6 Rc3 33. Bb4 1/2-1/2

[Event "84th ESP-ch 2019"]
[Site "Marbella"]
[Date "2019.11.23"]
[Round "8.7"]
[White "Perez Candelario, Manuel"]
[Black "Tejedor Fuente, Enrique"]
[Result "1-0"]
[ECO "C11"]
[WhiteElo "2623"]
[BlackElo "2457"]
[Annotator "ChessBase"]
[PlyCount "97"]
[EventDate "2019.11.16"]
[EventType "swiss"]
[EventCountry "ESP"]
[SourceTitle "playchess.com"]
[Source "ChessBase"]
[SourceQuality "1"]
[TimeControl "5400+30"]

1. e4 e6 2. d4 d5 3. Nc3 Nf6 4. Bg5 dxe4 5. Nxe4 Be7 6. Bxf6 gxf6 7. Qd2 Nd7 8. O-O-O Nb6 9. Nc3 Bd7 10. d5 exd5 11. Nxd5 Be6 12. Nxe7 Qxd2+ 13. Rxd2 Kxe7 14. Nf3 c5 15. Be2 Rhd8 16. Re1 h6 17. Bd3 Kf8 18. Be4 Nc4 19. Bxb7 Rxd2 20. Nxd2 Rb8 21. Nxc4 Bxc4 22. Bc6 Bxa2 23. b3 c4 24. Kb2 cxb3 25. Ba4 a5 26. Ka3 Rd8 27. cxb3 Rd2 28. Ra1 Bxb3 29. Kxb3 Rxf2 30. Bc6 Rf5 31. Kc4 Rh5 32. h3 Kg7 33. Bd5 Rh4+ 34. Kb5 Rb4+ 35. Kc5 Rb8 36. Rxa5 Rc8+ 37. Kd6 Rd8+ 38. Kc6 Kg6 39. Ra7 Rf8 40. Kd7 f5 41. Ke7 Rb8 42. Bxf7+ Kg5 43. Bd5 Rb6 44. Kf7 h5 45. Ra8 Kh4 46. Bf3 Rb3 47. Rh8 Rxf3 48. gxf3 f4 49. Rg8 1-0

[Event "84th ESP-ch 2019"]
[Site "Marbella"]
[Date "2019.11.23"]
[Round "8.9"]
[White "Pazos Porta, Antonio"]
[Black "Larino Nieto, David"]
[Result "0-1"]
[ECO "C65"]
[WhiteElo "2345"]
[BlackElo "2473"]
[Annotator "ChessBase"]
[PlyCount "82"]
[EventDate "2019.11.16"]
[EventType "swiss"]
[EventCountry "ESP"]
[SourceTitle "playchess.com"]
[Source "ChessBase"]
[SourceQuality "1"]
[TimeControl "5400+30"]

1. e4 e5 2. Nf3 Nc6 3. Bb5 Nf6 4. d3 d6 5. c3 g6 6. Nbd2 Bg7 7. O-O O-O 8. Re1 a6 9. Ba4 b5 10. Bb3 Na5 11. Bc2 c5 12. Nf1 h6 13. Ne3 Bb7 14. h3 Kh7 15. Ng4 Nxg4 16. hxg4 d5 17. Qe2 d4 18. cxd4 exd4 19. g5 f6 20. gxh6 Bxh6 21. Bxh6 Kxh6 22. e5 Ra7 23. exf6 Bxf3 24. Qxf3 Qxf6 25. Qh3+ Kg7 26. Re2 Re7 27. Qg4 Rfe8 28. Rae1 Nc6 29. Rxe7+ Rxe7 30. Rxe7+ Qxe7 31. Bb3 Na5 32. Qc8 c4 33. dxc4 Nxb3 34. axb3 d3 35. cxb5 Qe1+ 36. Kh2 Qe5+ 37. Kh3 Qd4 38. Qc7+ Kh6 39. Qc1+ d2 40. Qd1 Qxf2 41. Qg4 Qf5 0-1

[Event "84th ESP-ch 2019"]
[Site "Marbella"]
[Date "2019.11.23"]
[Round "8.10"]
[White "Diaz Camallonga, Carles"]
[Black "Berrocal Ruiz, Valentin"]
[Result "1-0"]
[ECO "C70"]
[WhiteElo "2465"]
[BlackElo "2143"]
[Annotator "ChessBase"]
[PlyCount "93"]
[EventDate "2019.11.16"]
[EventType "swiss"]
[EventCountry "ESP"]
[SourceTitle "playchess.com"]
[Source "ChessBase"]
[SourceQuality "1"]
[TimeControl "5400+30"]

1. e4 e5 2. Nf3 Nc6 3. Bb5 a6 4. Ba4 g6 5. O-O Bg7 6. c3 Nge7 7. d4 exd4 8. cxd4 b5 9. Bc2 O-O 10. Nc3 d6 11. h3 Bb7 12. Bg5 h6 13. Bh4 Qd7 14. Re1 Rae8 15. a3 d5 16. exd5 Nxd5 17. Ne4 Bc8 18. Bg3 Nb6 19. Ne5 Nxe5 20. Bxe5 f6 21. Nc5 Qd8 22. Bg3 Kh7 23. Qd3 f5 24. Be5 Nd7 25. Nxd7 Qxd7 26. Qc3 Rf7 27. Bb3 Rfe7 28. f4 Bb7 29. Rac1 Bd5 30. Bxd5 Qxd5 31. Qb4 Bf8 32. Qd2 Rd7 33. b4 Bd6 34. Qc3 Kg8 35. Qc6 Qxc6 36. Rxc6 g5 37. fxg5 hxg5 38. Rxa6 Kf7 39. Rc6 Re6 40. Rc3 f4 41. Kf2 Rde7 42. Kf3 Bxe5 43. Rxe5 Kf6 44. Rcc5 Rxe5 45. dxe5+ Rxe5 46. Rxe5 Kxe5 47. Kg4 1-0

[Event "84th ESP-ch 2019"]
[Site "Marbella"]
[Date "2019.11.23"]
[Round "8.11"]
[White "Espinosa Aranda, Angel"]
[Black "Garcia Ramos, Daniel"]
[Result "0-1"]
[ECO "A47"]
[WhiteElo "2511"]
[BlackElo "2350"]
[Annotator "ChessBase"]
[PlyCount "102"]
[EventDate "2019.11.16"]
[EventType "swiss"]
[EventCountry "ESP"]
[SourceTitle "playchess.com"]
[Source "ChessBase"]
[SourceQuality "1"]
[TimeControl "5400+30"]

1. d4 Nf6 2. Nf3 b6 3. g3 Bb7 4. Bg2 g6 5. O-O Bg7 6. c4 O-O 7. d5 Na6 8. Nc3 Nc5 9. Nd4 e5 10. Nb3 Nxb3 11. axb3 d6 12. b4 Nd7 13. e4 f5 14. exf5 gxf5 15. Qh5 a6 16. Bh3 Qe8 17. Qxe8 Raxe8 18. f3 Bc8 19. Be3 Nf6 20. Rfe1 e4 21. f4 Kf7 22. Ne2 Kg6 23. Nd4 h5 24. Nc6 Bb7 25. Bd4 Rh8 26. Ra3 Rh7 27. Kg2 Bh8 28. Bf2 Ng4 29. Bd4 Bxc6 30. Bxh8 Bxd5 31. cxd5 Rexh8 32. Rxa6 Nf6 33. Rd1 h4 34. Ra3 Nh5 35. g4 Nxf4+ 36. Kf1 fxg4 37. Bxg4 Rf8 38. Kg1 Re7 39. Re3 Re5 40. Rd4 Rfe8 41. h3 Nxd5 42. Re1 Nf6 43. Be2 Rg5+ 44. Kh2 Kf5 45. b5 Ke5 46. Rc4 Re7 47. Bf3 d5 48. Rc6 Rg3 49. Bh1 Rb3 50. Re2 Nh5 51. Rf2 Nf4 0-1

[Event "84th ESP-ch 2019"]
[Site "Marbella"]
[Date "2019.11.23"]
[Round "8.12"]
[White "Alsina Leal, Daniel"]
[Black "Mingarro Carceller, Sergi"]
[Result "0-1"]
[ECO "B23"]
[WhiteElo "2467"]
[BlackElo "2329"]
[Annotator "ChessBase"]
[PlyCount "96"]
[EventDate "2019.11.16"]
[EventType "swiss"]
[EventCountry "ESP"]
[SourceTitle "playchess.com"]
[Source "ChessBase"]
[SourceQuality "1"]
[TimeControl "5400+30"]

1. e4 c5 2. Nc3 d6 3. d4 cxd4 4. Qxd4 Nc6 5. Qd2 g6 6. b3 Bh6 7. f4 e5 8. g3 Nf6 9. Bb2 O-O 10. O-O-O a5 11. a4 Be6 12. Kb1 Rc8 13. Bg2 Qb6 14. Nf3 Rfd8 15. Qe2 Nb4 16. fxe5 Nxc2 17. Qxc2 Bxb3 18. Qd3 Bxd1 19. Rxd1 dxe5 20. Nd5 Nxd5 21. exd5 Bg7 22. Qb5 Qxb5 23. axb5 Rc5 24. Nxe5 Rxb5 25. Nd3 Re8 26. Rd2 Re3 27. Nc1 Kf8 28. Ka2 Bxb2 29. Rxb2 Rxb2+ 30. Kxb2 Ke7 31. Kc2 Kd6 32. Kd2 Ra3 33. Ne2 Ra2+ 34. Ke3 b5 35. Be4 b4 36. h4 Ke5 37. Nc1 b3 38. Nd3+ Kd6 39. Nf4 a4 40. Kd4 f5 41. Bd3 b2 42. Kc3 a3 43. Kb3 Ra1 44. h5 g5 45. Ne6 b1=Q+ 46. Bxb1 Rxb1+ 47. Ka2 Rb2+ 48. Kxa3 Rg2 0-1

[Event "84th ESP-ch 2019"]
[Site "Marbella"]
[Date "2019.11.23"]
[Round "8.13"]
[White "Huerga Leache, Mikel"]
[Black "Jimenez Ruano, Adrian"]
[Result "1-0"]
[ECO "E06"]
[WhiteElo "2456"]
[BlackElo "2269"]
[Annotator "ChessBase"]
[PlyCount "115"]
[EventDate "2019.11.16"]
[EventType "swiss"]
[EventCountry "ESP"]
[SourceTitle "playchess.com"]
[Source "ChessBase"]
[SourceQuality "1"]
[TimeControl "5400+30"]

1. Nf3 Nf6 2. c4 e6 3. d4 d5 4. g3 Be7 5. Bg2 O-O 6. Nc3 b6 7. O-O Bb7 8. cxd5 exd5 9. Ne5 Re8 10. Qb3 Na6 11. e4 c6 12. exd5 cxd5 13. Nb5 Nd7 14. Nd3 Nf6 15. Bf4 Qd7 16. Rfe1 h6 17. Ne5 Qf5 18. Bf1 Bb4 19. Rec1 Bf8 20. a3 g5 21. Be3 Qe6 22. Qa4 Rec8 23. Rxc8 Qxc8 24. Rc1 Qe8 25. Bh3 Ne4 26. Qb3 Nd6 27. Bd7 Qd8 28. Bc6 Bxc6 29. Nxc6 Qf6 30. Qxd5 Nxb5 31. Qxb5 Nc7 32. Qc4 Bd6 33. Ne5 Qe6 34. Qxe6 Nxe6 35. Nc4 Bf8 36. d5 Ng7 37. g4 Rd8 38. Rd1 Ne8 39. f3 Nf6 40. d6 b5 41. Na5 Bxd6 42. Kg2 Bc7 43. Rxd8+ Bxd8 44. Nc6 Bb6 45. Bxb6 axb6 46. Nd4 Nd5 47. Nxb5 Ne3+ 48. Kg3 Kf8 49. Nd6 Nd1 50. b3 Kg7 51. a4 Nc3 52. h4 gxh4+ 53. Kxh4 Ne2 54. b4 Kf6 55. a5 bxa5 56. bxa5 Nd4 57. a6 Ne6 58. a7 1-0

[Event "84th ESP-ch 2019"]
[Site "Marbella"]
[Date "2019.11.23"]
[Round "8.15"]
[White "Valmana Canto, Jaime"]
[Black "Kolotilina, Liudmila"]
[Result "1-0"]
[ECO "A11"]
[WhiteElo "2416"]
[BlackElo "2242"]
[Annotator "ChessBase"]
[PlyCount "75"]
[EventDate "2019.11.16"]
[EventType "swiss"]
[EventCountry "ESP"]
[SourceTitle "playchess.com"]
[Source "ChessBase"]
[SourceQuality "1"]
[TimeControl "5400+30"]

1. c4 c6 2. Nf3 Nf6 3. g3 d5 4. Bg2 dxc4 5. a4 Na6 6. Na3 Qd5 7. O-O e5 8. e4 Nxe4 9. Qe2 Qd3 10. Re1 Qxe2 11. Rxe2 Nd6 12. Nxe5 Kd8 13. Naxc4 Be6 14. d3 Nc5 15. Bf4 Nb3 16. Rae1 Nd4 17. Rd2 N6f5 18. g4 Nh4 19. Bg5+ Be7 20. Nxf7+ Kc7 21. Bf4+ Kc8 22. Nxh8 Nhf3+ 23. Bxf3 Nxf3+ 24. Kf1 Nxe1 25. Kxe1 Bb4 26. Ne5 Kc7 27. Nhf7 Kb6 28. Ng5 Bg8 29. Ne4 Bxd2+ 30. Kxd2 Rd8 31. b4 Bd5 32. Kc3 a6 33. Nc4+ Ka7 34. a5 Be6 35. h3 Rf8 36. Be3+ Kb8 37. Nc5 Bc8 38. Bd4 1-0

[Event "84th ESP-ch 2019"]
[Site "Marbella"]
[Date "2019.11.23"]
[Round "8.16"]
[White "Rahal, Michael A"]
[Black "Garza Marco, Sergio"]
[Result "0-1"]
[ECO "C03"]
[WhiteElo "2309"]
[BlackElo "2400"]
[Annotator "ChessBase"]
[PlyCount "70"]
[EventDate "2019.11.16"]
[EventType "swiss"]
[EventCountry "ESP"]
[SourceTitle "playchess.com"]
[Source "ChessBase"]
[SourceQuality "1"]
[TimeControl "5400+30"]

1. e4 e6 2. d4 d5 3. Nd2 Be7 4. exd5 exd5 5. Bd3 Nf6 6. h3 O-O 7. Ne2 b6 8. O-O c5 9. dxc5 bxc5 10. Ng3 Re8 11. Nf3 Nc6 12. c3 Rb8 13. b3 Bf8 14. Bf4 Rb7 15. Qc2 g6 16. Rfe1 Rbe7 17. Rxe7 Rxe7 18. Bg5 Bg7 19. Qd2 Qa5 20. Rc1 Bb7 21. c4 Qxd2 22. Bxd2 d4 23. Re1 Rxe1+ 24. Bxe1 Nd8 25. Ng5 Bf8 26. N5e4 Nd7 27. f4 f5 28. Nf2 Nf6 29. Ne2 Ne4 30. b4 cxb4 31. Bxe4 fxe4 32. Nxd4 a5 33. Nd1 a4 34. Nb2 Bg7 35. Bf2 Nc6 0-1

[Event "84th ESP-ch 2019"]
[Site "Marbella"]
[Date "2019.11.23"]
[Round "8.17"]
[White "Merario Alarcon, Andres"]
[Black "Perera Borrego, Maria Adela"]
[Result "1-0"]
[ECO "E32"]
[WhiteElo "2394"]
[BlackElo "2201"]
[Annotator "ChessBase"]
[PlyCount "91"]
[EventDate "2019.11.16"]
[EventType "swiss"]
[EventCountry "ESP"]
[SourceTitle "playchess.com"]
[Source "ChessBase"]
[SourceQuality "1"]
[TimeControl "5400+30"]

1. d4 Nf6 2. c4 e6 3. Nc3 Bb4 4. Qc2 O-O 5. e4 d6 6. a3 Bxc3+ 7. bxc3 e5 8. Bd3 Nc6 9. Ne2 Nd7 10. O-O b6 11. f4 Ba6 12. Ng3 Na5 13. fxe5 dxe5 14. Nf5 Bxc4 15. Bxc4 Nxc4 16. Bh6 Nd6 17. Bxg7 Re8 18. Bh6 Re6 19. d5 Rg6 20. Bd2 Nc5 21. Rae1 Qd7 22. Rf3 Rf8 23. c4 a5 24. h3 Kh8 25. Nh4 Rgg8 26. Be3 f6 27. Bxc5 bxc5 28. Ref1 Rf7 29. Kh2 Rgf8 30. g4 Qc8 31. Nf5 Ne8 32. Qc3 Qa6 33. g5 fxg5 34. Qxe5+ Qf6 35. Qg3 Qg6 36. Qf2 Nd6 37. Qb2+ Qf6 38. e5 Nxc4 39. exf6 Nxb2 40. Nh6 Rd7 41. Rf5 Nc4 42. Rxg5 Nd2 43. Rf4 c4 44. Kg2 Rdd8 45. Kh1 c3 46. Rg8+ 1-0

[Event "84th ESP-ch 2019"]
[Site "Marbella"]
[Date "2019.11.23"]
[Round "8.18"]
[White "Hernando Rodrigo, Julio Antonio"]
[Black "Suarez Uriel, Adrian"]
[Result "1/2-1/2"]
[ECO "D85"]
[WhiteElo "2271"]
[BlackElo "2389"]
[Annotator "ChessBase"]
[PlyCount "128"]
[EventDate "2019.11.16"]
[EventType "swiss"]
[EventCountry "ESP"]
[SourceTitle "playchess.com"]
[Source "ChessBase"]
[SourceQuality "1"]
[TimeControl "5400+30"]

1. d4 Nf6 2. c4 g6 3. Nc3 d5 4. cxd5 Nxd5 5. e4 Nxc3 6. bxc3 Bg7 7. Nf3 c5 8. Rb1 O-O 9. Be2 Nc6 10. d5 Ne5 11. Nxe5 Bxe5 12. Qd2 e6 13. f4 Bc7 14. O-O exd5 15. exd5 Ba5 16. d6 b6 17. Bf3 Bf5 18. Bb2 Rc8 19. Rbe1 Qf6 20. g4 Be6 21. f5 gxf5 22. gxf5 Bc4 23. Re4 b5 24. Be2 Kh8 25. Bxc4 Rg8+ 26. Kh1 bxc4 27. Rxc4 Rcd8 28. Rxc5 Rxd6 29. Rd5 Rb6 30. Ba1 Qc6 31. c4+ f6 32. Qd4 Bb4 33. c5 Ra6 34. Rd1 Ba5 35. Qe4 Bc7 36. Rg1 Rxg1+ 37. Kxg1 Qa8 38. Qd3 Qg8+ 39. Kf1 Rc6 40. Rd6 Rxd6 41. cxd6 Bd8 42. Qe2 Qd5 43. Qe8+ Kg7 44. Qxd8 Qf3+ 45. Ke1 Qe3+ 46. Kd1 Qd3+ 47. Kc1 Qc4+ 48. Kd2 Qxa2+ 49. Kd3 Qa6+ 50. Ke4 Qe2+ 51. Kd5 Qb5+ 52. Ke6 Qc4+ 53. Kd7 Qb5+ 54. Kc8 Qa6+ 55. Kb8 Qb5+ 56. Kxa7 Qa4+ 57. Kb7 Qe4+ 58. Kb6 Qb4+ 59. Ka6 Qc4+ 60. Kb7 Qe4+ 61. Kc8 Qa8+ 62. Kc7 Qa5+ 63. Kd7 Qa4+ 64. Kc8 Qa8+ 1/2-1/2

[Event "84th ESP-ch 2019"]
[Site "Marbella"]
[Date "2019.11.23"]
[Round "8.19"]
[White "Vega Gutierrez, Sabrina"]
[Black "Garcia Romero, Benjamin Abel"]
[Result "1-0"]
[ECO "C44"]
[WhiteElo "2374"]
[BlackElo "2234"]
[Annotator "RC"]
[PlyCount "123"]
[EventDate "2019.11.16"]
[EventType "swiss"]
[EventCountry "ESP"]
[SourceTitle "playchess.com"]
[Source "ChessBase"]
[SourceQuality "1"]
[TimeControl "5400+30"]

1. e4 e5 2. Nf3 Nc6 3. d4 exd4 4. Nxd4 Nf6 5. Nxc6 bxc6 6. Qe2 Bb4+ 7. c3 Bc5 8. e5 Nd5 9. Qg4 g6 10. Bg5 h5 11. Qh4 Be7 12. Bxe7 Qxe7 13. Qxe7+ Kxe7 14. Nd2 d6 15. exd6+ cxd6 16. O-O-O Be6 17. Ne4 Rhd8 18. Ng5 Nc7 19. Nxe6 Nxe6 20. h4 a5 21. Rh3 d5 22. Re3 Kd6 23. g3 Re8 24. Bh3 Nc5 25. Rf3 f5 26. c4 a4 27. Bg2 Ne4 28. cxd5 cxd5 29. Rfd3 Rec8+ 30. Kb1 Ra5 31. Rd4 Nf6 32. a3 Re8 33. Bf3 Ne4 34. Bxe4 Rxe4 35. f3 Re3 36. Rb4 Ra6 37. Rb5 Rxf3 38. Rbxd5+ Ke6 39. R5d3 Rxd3 40. Rxd3 Ke5 41. Re3+ Kd4 42. Rf3 Re6 43. b3 axb3 44. Kb2 Ra6 45. Rf4+ Ke5 46. a4 Ra7 47. Rb4 Ra6 48. Kxb3 Kd5 49. Ka3 Ke5 50. Rb5+ Ke4 51. a5 f4 52. gxf4 Kxf4 53. Rg5 Re6 54. Kb4 Re1 55. a6 Rb1+ 56. Kc5 Ra1 57. Kb6 Rb1+ 58. Rb5 Rd1 59. a7 Rd6+ 60. Ka5 Rd8 61. Rb8 Rd5+ 62. Kb4 1-0

[Event "84th ESP-ch 2019"]
[Site "Marbella"]
[Date "2019.11.23"]
[Round "8.20"]
[White "Moral Garcia, Serafin"]
[Black "Serarols Mabras, Bernat"]
[Result "1-0"]
[ECO "B10"]
[WhiteElo "2267"]
[BlackElo "2367"]
[Annotator "ChessBase"]
[PlyCount "77"]
[EventDate "2019.11.16"]
[EventType "swiss"]
[EventCountry "ESP"]
[SourceTitle "playchess.com"]
[Source "ChessBase"]
[SourceQuality "1"]
[TimeControl "5400+30"]

1. e4 c6 2. Nc3 d5 3. Nf3 Nf6 4. e5 Ne4 5. d4 Nxc3 6. bxc3 Bg4 7. h3 Bh5 8. e6 fxe6 9. g4 Bf7 10. Ne5 Nd7 11. Bf4 Qa5 12. Kd2 g5 13. Nxf7 Kxf7 14. Bxg5 Bg7 15. Qf3+ Ke8 16. Qe3 e5 17. f4 e4 18. Rb1 Nb6 19. f5 Qxa2 20. Be2 Qa3 21. Bf4 e6 22. Be5 Qe7 23. Qg3 Rg8 24. Bd6 Qg5+ 25. Bf4 Qf6 26. g5 Qxf5 27. Bh5+ Kd7 28. Be2 Raf8 29. Rhf1 Qg6 30. h4 h5 31. Bc7 Rxf1 32. Bxf1 Rf8 33. Bxb6 axb6 34. Rxb6 Kc8 35. Ba6 e3+ 36. Kc1 e5 37. Rxb7 Rf1+ 38. Kb2 Kd8 39. Bxf1 1-0